 Dungeon Crawl Stone Soup version 0.18.1-48-g4cf74bf (webtiles) character file.

164478 Inkary the Black Belt (level 17, -1/161 HPs)
             Began as a Hill Orc Monk on Sept 11, 2016.
             Was an Elder of Qazlal.
             Slain by a shock serpent (5 damage)
             ... on level 3 of the Snake Pit on Sept 12, 2016.
             The game lasted 02:33:22 (38097 turns).

Inkary the Black Belt (Hill Orc Monk)              Turns: 38097, Time: 02:33:24

Health: -1/161     AC: 23    Str: 19    XL:     17   Next: 56%
Magic:  23/28      EV: 12    Int: 10    God:    Qazlal [****..]
Gold:   1628       SH: 17    Dex: 21    Spells: 6 memorised, 2 levels left

rFire  . . .     SeeInvis .       - Unarmed
rCold  . . .     Gourm    .     x - +0 swamp dragon armour
rNeg   . . .     Faith    .     B - +3 buckler of Fortification {Str+3}
rPois  +         Spirit   .     d - +2 helmet
rElec  .         Dismiss  .     (no cloak)
rCorr  .         Reflect  .     K - +1 pair of gloves {Dex+3}
SustAt .         Harm     .     k - +1 pair of boots {Stlth+}
MR     ++...                    h - amulet of magic regeneration
Stlth  ++........               c - +5 ring of protection
                                r - ring of protection from magic

@: about to teleport, constricted, repel missiles, very resistant to hostile
enchantments, unstealthy
A: subdued magic 1
a: Upheaval, Elemental Force, Renounce Religion
}: 1/15 runes: decaying


You were on level 3 of the Snake Pit.
You worshipped Qazlal.
Qazlal was greatly pleased with you.
You were near starving.

You visited 6 branches of the dungeon, and saw 30 of its levels.
You also visited: Labyrinth, Ossuary, Ice Cave and Volcano.

You collected 2882 gold pieces.
You spent 1254 gold pieces at shops.

Inventory:

Armour
 d - a +2 helmet (worn)
 k - a +1 pair of boots of stealth (worn)
 x - a +0 swamp dragon armour (worn)
 B - the +3 buckler of Fortification (worn) {Str+3}
   (You bought it in a shop on level 2 of the Orcish Mines)

   It affects your strength (+3).
 F - the +1 leather armour "Bomut" {-Cast rCorr MP+9 Str+6}
   (You bought it in a shop on level 2 of the Orcish Mines)

   It affects your strength (+6).
   It affects your magic capacity (+9).
   It prevents spellcasting.
   It protects you from acid and corrosion.
 G - the +5 ring mail "Tegos" {rF+ Regen+ Int+4 Dex+4}
   (You bought it in a shop on level 10 of the Dungeon)

   It affects your intelligence (+4).
   It affects your dexterity (+4).
   It protects you from fire.
   It increases your rate of regeneration.
 K - a +1 pair of gloves of dexterity (worn)
 R - a +0 ice dragon armour
Magical Staves
 M - an uncursed staff of earth
Jewellery
 c - a +5 ring of protection (right hand)
 h - an amulet of magic regeneration (around neck)
 r - a ring of protection from magic (left hand)
Wands
 e - a wand of disintegration (12/24)
 I - a wand of acid (8/15)
 X - a wand of teleportation (3/9)
 Z - a wand of digging (12/24)
Scrolls
 a - 16 scrolls of remove curse
 i - 2 scrolls of fog
 m - 2 scrolls of silence
 q - a scroll of identify
 y - 13 scrolls of teleportation
 C - 2 scrolls of enchant armour
 E - 5 scrolls of vulnerability
 H - 7 scrolls of recharging
 J - a scroll of acquirement {unknown}
 O - a scroll of magic mapping
 S - 2 scrolls of blinking
 Y - 2 scrolls of fear
Potions
 g - 4 potions of lignification
 j - a potion of agility
 l - a potion of magic
 n - a potion of might
 o - a potion of invisibility
 s - 5 potions of cancellation
 t - 3 potions of berserk rage
 w - a potion of heal wounds
 D - 5 potions of brilliance
 N - a potion of cure mutation
 P - 7 potions of curing
Miscellaneous
 u - a sack of spiders
 L - an ornate deck of wonders
 V - a stone of tremors
 W - a sack of spiders
Comestibles
 b - 22 bread rations
 f - 5 beef jerkies
 p - 13 meat rations
 v - 11 fruits


   Skills:
 + Level 17.2 Fighting
 - Level 9.0 Armour
 - Level 5.6 Dodging
 - Level 1.5 Stealth
 - Level 14.0 Shields
 * Level 18.5 Unarmed Combat
 + Level 2.4 Spellcasting
 - Level 4.0 Transmutations
 + Level 14.9 Invocations


You had 2 spell levels left.
You knew the following spells:

 Your Spells              Type           Power        Failure   Level  Hunger
a - Apportation           Tloc           #.........   45%         1    ##.....
b - Blink                 Tloc           N/A          71%         2    ###....
c - Statue Form           Trmt/Erth      #........    100%        6    #######
d - Summon Butterflies    Summ           #.......     45%         1    ##.....
e - Regeneration          Chrm/Necr      #.........   96%         3    ####...
f - Silence               Hex/Air        #.........   100%        5    ######.


Dungeon Overview and Level Annotations

Branches:
Dungeon (12/15)            Temple (1/1) D:7            Lair (8/8) D:9
  Swamp (4/4) Lair:5        Snake (2/4) Lair:5        Slime (0/6) Lair:7
    Orc (2/2) D:11            Elf (0/3) Orc:2

Altars:
Ashenzari
Cheibriados
Dithmenos
Elyvilon
Fedhas
Gozag
Kikubaaqudgha
Makhleb
Nemelex Xobeh
Okawaru
Pakellas
Qazlal
Ru
Sif Muna
Trog
Vehumet
Xom
Yredelemnul
Zin
The Shining One

Shops:
D:10 *   D:11 *   D:12 !   Orc:1 *   Orc:2 (=[*

Portals:
Hell: Lair:8


Innate Abilities, Weirdness & Mutations

Your spells are a little easier to cast, but a little less powerful.


Message History

Press: ? - help, Shift-Dir - straight line, f - you You feel strangely unstable.
This wand has 3 charges left.
The anaconda bites you.
* * * LOW HITPOINT WARNING * * *
The anaconda constricts you.
The shock serpent bites you but does no damage.
The guardian serpent coils itself and waves its upper body at you.
The bolt of poison hits you! You resist.
* * * LOW HITPOINT WARNING * * *
The bolt of poison hits the naga.
The naga is poisoned.
The naga warrior spits poison at you. You block the splash of poison.
The naga is engulfed in freezing vapours.
You kill the naga!
Qazlal accepts your kill. You block the anaconda's attack.
The anaconda constricts you. The guardian serpent hits you.
* * * LOW HITPOINT WARNING * * *
The shock serpent bites you.
You die...

.........#
#........#
#........###
#....≈.....#
####..≈........
####...≈≈..§§.....
#....[≈≈§NSS§.....
.......§N@#
........§S#
#.....§.#
##......##
##.......###
###..........#
##.............#
#...............#
......##...........


You could see a naga warrior, an anaconda, a shock serpent, a guardian serpent
and a naga.

Vanquished Creatures
  Jorgrun (Swamp:2)
  Frances (D:11)
  4 thorn hunters
  The ghost of Krapule the Blocker, a journeyman MiFi of Cheibriados (IceCv)
  An orc warlord (Orc:2)
  Louise (Snake:2)
  2 dire elephants (Lair:8)
  A red draconian (Volcano)
  An ettin (Orc:2)
  A minotaur (Lab)
  5 naga warriors
  An ice dragon (Lair:4)
  2 ghost crabs
  13 hydras
  The ghost of appiemonkey the Grappler, a novice TrCK of Xom (Volcano)
  A catoblepas (Lair:8)
  5 alligators
  9 death yaks
  2 anacondas
  A queen ant (Lair:5)
  2 shock serpents (Snake:1)
  2 naga sharpshooters
  3 orc high priests (Orc:2)
  A spriggan berserker (Swamp:3)
  Sonja (Lair:2)
  A fire crab (Lair:7)
  2 spriggan druids (Swamp:2)
  11 swamp dragons
  2 hill giants
  2 unseen horrors (D:11)
  2 orc knights (Orc:2)
  A shambling mangrove (Swamp:4)
  An ugly thing (D:11)
  2 hornets (Swamp:1)
  6 statues (Volcano)
  A wizard (Lair:8)
  2 oklob plants
  4 orc sorcerers (Orc:2)
  3 griffons
  A cyclops (Orc:2)
  4 salamanders
  23 black mambas
  A mana viper (Snake:2)
  17 elephants
  2 ice statues (IceCv)
  A sixfirhy (Lair:8)
  24 spiny frogs
  A smoke demon (Lair:8)
  4 naga magi
  3 orange demons (Lair:8)
  13 komodo dragons
  A hellwing (Lair:8)
  2 ice devils (Lair:8)
  A red devil (Lair:8)
  3 trolls (Orc:2)
  3 polar bears
  3 two-headed ogres
  7 giant leeches
  26 blink frogs
  11 bog bodies
  A boulder beetle (Lair:5)
  4 slime creatures (Swamp:1)
  Sigmund (D:3)
  3 shadows
  10 spriggans
  A wraith (D:12)
  2 redbacks (Lab)
  3 wyverns
  40 yaks
  5 basilisks
  4 fire bats (Volcano)
  4 hungry ghosts
  15 vampire mosquitoes
  12 hippogriffs
  23 swamp worms
  A warg (Orc:1)
  5 insubstantial wisps
  13 nagas
  A hell hound (Lair:8)
  14 soldier ants (Lair:5)
  11 water moccasins
  9 porcupines
  Duvessa (D:7)
  2 black bears
  10 swamp drakes
  39 orc warriors
  An eye of draining (D:8)
  3 ice beasts
  2 phantoms (D:11)
  12 wasps
  7 wolves
  A centaur (D:5)
  14 ogres
  5 big kobolds
  18 crocodiles
  2 gnoll sergeants
  16 giant frogs
  Dowan (D:7)
  A water moccasin zombie (D:11)
  18 killer bees
  4 scorpions
  3 electric eels
  2 howler monkeys
  2 centaur zombies
  5 crimson imps
  3 giant frog zombies
  2 lava snakes (Volcano)
  8 hounds
  A giant frog skeleton (D:6)
  25 orc priests
  3 jellies
  31 orc wizards
  3 centaur skeletons
  6 iguanas
  Natasha (thrice) (D:3)
  42 worker ants
  5 hell rats (Lair:8)
  19 sheep
  3 hound skeletons
  12 mummies (Ossuary)
  2 worker ant zombies
  Robin (D:2)
  5 gnolls
  39 river rats
  17 adders
  3 shadow imps
  9 white imps
  3 oozes
  2 adder skeletons
  3 adder zombies
  4 worms
  A dart slug (D:2)
  8 giant geckos
  89 orcs
  5 giant cockroaches
  11 hobgoblins
  11 jackals
  27 kobolds
  6 quokkas
  A ball python (D:3)
  6 bats
  2 giant newts (D:4)
  2 gnoll skeletons (Ossuary)
  16 goblins
  2 goblin skeletons (Ossuary)
  2 kobold skeletons (Ossuary)
  2 orc skeletons (Ossuary)
  A quokka skeleton (D:6)
  4 rats
  11 rat skeletons (Ossuary)
  11 briar patches
  A bush (Lair:7)
  A butterfly (Lair:6)
  79 fungi
  46 plants
1204 creatures vanquished.

Vanquished Creatures (collateral kills)
  5 hydras
  An orc knight (Orc:2)
  An orc sorcerer (Orc:1)
  An orange demon (Lair:8)
  2 ice devils (Lair:8)
  A soldier ant (Lair:5)
  4 orc warriors
  6 ice beasts (IceCv)
  8 orc priests (Orc:1)
  2 orc wizards (Orc:1)
  2 gnolls (Orc:2)
  2 adders (Lair:5)
  A river rat (Lair:5)
  6 white imps (Orc:1)
  8 orcs (Orc:1)
  A plant (Lair:3)
51 creatures vanquished.

Vanquished Creatures (others)
  A hydra (Swamp:3)
  A spriggan druid (Swamp:4)
  A giant leech (Swamp:3)
  A spriggan (Swamp:4)
  A wasp (Swamp:4)
  2 orcs (Orc:1)
  2 briar patches (Swamp:3)
  A bush (Lair:5)
  25 fungi
  49 plants
84 creatures vanquished.

Grand Total: 1339 creatures vanquished

Notes
Turn   | Place    | Note
--------------------------------------------------------------
     0 | D:1      | Inkary the Hill Orc Monk began the quest for the Orb.
     0 | D:1      | Reached XP level 1. HP: 19/19 MP: 1/1
    29 | D:1      | Reached XP level 2. HP: 25/27 MP: 2/2
   583 | D:1      | Reached XP level 3. HP: 32/33 MP: 3/3
   834 | D:1      | Reached skill level 5 in Unarmed Combat
  1008 | D:2      | Noticed Robin
  1045 | D:2      | Killed Robin
  1052 | D:2      | Reached XP level 4. HP: 10/41 MP: 4/4
  2015 | D:3      | Noticed Natasha
  2024 | D:3      | Killed Natasha
  2024 | D:3      | Reached skill level 6 in Unarmed Combat
  2024 | D:3      | Reached XP level 5. HP: 44/47 MP: 5/5
  2184 | D:3      | Reached skill level 5 in Fighting
  2298 | D:3      | Found a deep blue altar of Sif Muna.
  2435 | D:3      | Noticed Natasha
  2456 | D:3      | Killed Natasha
  2474 | D:3      | Noticed Natasha
  2696 | D:3      | Killed Natasha
  2898 | D:3      | Noticed Sigmund
  2933 | D:3      | Killed Sigmund
  2933 | D:3      | Reached skill level 7 in Unarmed Combat
  2933 | D:3      | Reached XP level 6. HP: 38/57 MP: 6/6
  3116 | D:3      | Found an oddly glowing altar of Pakellas.
  3129 | D:3      | Found a glowing golden altar of the Shining One.
  3186 | D:3      | Reached XP level 7. HP: 54/63 MP: 7/7
  3609 | D:4      | Reached skill level 8 in Unarmed Combat
  4526 | D:5      | Entered Level 5 of the Dungeon
  4557 | D:5      | Found a shadowy altar of Dithmenos.
  4617 | D:5      | Reached skill level 9 in Unarmed Combat
  4617 | D:5      | Reached XP level 8. HP: 55/73 MP: 8/8
  4655 | D:5      | Found a sand-covered staircase.
  4705 | Ossuary  | Entered an ossuary
  5590 | D:5      | Found an oddly glowing altar of Pakellas.
  5661 | D:5      | Found a blossoming altar of Fedhas.
  5738 | D:5      | Found a basalt altar of Yredelemnul.
  5874 | D:5      | Found a blossoming altar of Fedhas.
  6063 | D:5      | Reached skill level 10 in Unarmed Combat
  6114 | D:5      | Found a snail-covered altar of Cheibriados.
  6115 | D:5      | Found a shattered altar of Ashenzari.
  6371 | D:6      | Noticed a cyclops
  6456 | D:6      | Reached XP level 9. HP: 9/82 MP: 9/9
  6793 | D:6      | Found a basalt altar of Yredelemnul.
  6870 | D:6      | Found a blossoming altar of Fedhas.
  6887 | D:6      | Reached skill level 11 in Unarmed Combat
  7026 | D:6      | Found an opulent altar of Gozag.
  7858 | D:5      | Found a white marble altar of Elyvilon.
  7858 | D:5      | Found a glowing silver altar of Zin.
  8665 | D:7      | Found a staircase to the Ecumenical Temple.
  8753 | Temple   | Entered the Ecumenical Temple
  8846 | Temple   | Became a worshipper of Qazlal Stormbringer
  8846 | Temple   | Reached * piety under Qazlal
  8846 | Temple   | Reached ** piety under Qazlal
  9098 | D:7      | Reached skill level 1 in Invocations
  9157 | D:7      | Noticed Duvessa
  9159 | D:7      | Killed Duvessa
  9159 | D:7      | Reached skill level 1 in Armour
  9164 | D:7      | Noticed Dowan
  9179 | D:7      | Killed Dowan
  9963 | D:8      | Reached XP level 10. HP: 70/93 MP: 12/12
 10334 | D:8      | Reached skill level 10 in Fighting
 10346 | D:8      | Gained mutation: You evolve. [potion of mutation]
 10346 | D:8      | Gained mutation: You are weak. (Str -2) [potion of mutation]
 10346 | D:8      | Gained mutation: Your body sometimes deteriorates upon taking damage. [potion of mutation]
 10347 | D:8      | Lost mutation: You are weak. (Str -2) [potion of cure mutation]
 10347 | D:8      | Lost mutation: Your body sometimes deteriorates upon taking damage. [potion of cure mutation]
 10347 | D:8      | Lost mutation: You evolve. [potion of cure mutation]
 10358 | D:8      | Found a shimmering altar of Xom.
 10907 | D:8      | Found a shimmering altar of Xom.
 11122 | D:8      | Found a shimmering altar of Xom.
 11123 | D:8      | Found a shimmering altar of Xom.
 11123 | D:8      | Found a shimmering altar of Xom.
 11124 | D:8      | Found a shimmering altar of Xom.
 11662 | D:9      | Found a staircase to the Lair.
 11703 | D:9      | Reached skill level 5 in Armour
 11919 | D:9      | Reached *** piety under Qazlal
 12816 | D:9      | Reached skill level 5 in Dodging
 12898 | D:9      | Reached skill level 5 in Invocations
 13531 | D:10     | Entered Level 10 of the Dungeon
 13578 | D:10     | Found a snail-covered altar of Cheibriados.
 13979 | D:10     | Reached XP level 11. HP: 83/101 MP: 15/15
 14349 | D:10     | Found Quruvvom's Assorted Antiques.
 14357 | D:10     | Bought a warped ring mail for 306 gold pieces
 14367 | D:10     | Identified the +5 ring mail "Tegos" {rF+ Regen+ Int+4 Dex+4} (You bought it in a shop on level 10 of the Dungeon)
 14372 | D:10     | Bought a murky black potion for 30 gold pieces
 14372 | D:10     | Bought a scroll labeled YGGAIM QYAWUG for 34 gold pieces
 14559 | D:11     | Reached **** piety under Qazlal
 14603 | D:11     | Noticed a hill giant
 14615 | D:11     | Killed a hill giant
 14615 | D:11     | Reached skill level 1 in Shields
 15142 | D:11     | Killed an unseen horror
 15181 | D:11     | Found Juitzoig's General Store.
 15192 | D:11     | Bought a scroll of enchant armour for 112 gold pieces
 15297 | D:11     | Noticed a cyan ugly thing
 15311 | D:11     | Killed a cyan ugly thing
 15315 | D:11     | Gained mutation: You are clumsy. (Dex -2) [mutagenic meat]
 15316 | D:11     | Gained mutation: Your mind is acute. (Int +2) [mutagenic meat]
 15317 | D:11     | Gained mutation: Your spells are a little easier to cast, but a little less powerful. [mutagenic meat]
 15318 | D:11     | Gained mutation: You are weak. (Str -2) [mutagenic meat]
 15319 | D:11     | Lost mutation: You are clumsy. (Dex -2) [potion of cure mutation]
 15319 | D:11     | Lost mutation: Your mind is acute. (Int +2) [potion of cure mutation]
 15319 | D:11     | Lost mutation: You are weak. (Str -2) [potion of cure mutation]
 15337 | D:11     | Killed an unseen horror
 15506 | D:11     | Found a staircase to the Orcish Mines.
 15857 | D:12     | Found Pahohud's Distillery.
 15857 | D:12     | Noticed Frances
 15887 | D:11     | Killed Frances
 15989 | D:12     | Bought a potion of curing for 51 gold pieces
 15989 | D:12     | Bought a potion of heal wounds for 85 gold pieces
 16007 | D:12     | Noticed a six-headed hydra
 16028 | D:12     | Reached skill level 5 in Shields
 16034 | D:12     | HP: 5/103 [six-headed hydra (7)]
 16320 | D:12     | Noticed a hill giant
 16330 | D:12     | Killed a hill giant
 16381 | D:12     | Reached XP level 12. HP: 112/112 MP: 18/18
 16415 | D:12     | Noticed a rakshasa
 16577 | Lair:1   | Entered Level 1 of the Lair of Beasts
 17549 | Lair:2   | Noticed Sonja
 17553 | Lair:2   | Killed Sonja
 18275 | Lair:2   | Learned a level 1 spell: Apportation
 18278 | Lair:2   | Learned a level 2 spell: Blink
 18285 | Lair:2   | Learned a level 6 spell: Statue Form
 18287 | Lair:2   | Learned a level 1 spell: Summon Butterflies
 18379 | Lair:3   | Found a labyrinth entrance.
 18403 | Lair:3   | Noticed a four-headed hydra
 18407 | Lab      | Entered a labyrinth
 19506 | Lab      | Noticed a minotaur
 19515 | Lab      | Killed a minotaur
 19515 | Lab      | Reached skill level 12 in Unarmed Combat
 19521 | Lab      | Got a transparent great sword {freeze}
 19522 | Lab      | Identified the +8 great sword "Vyephywu" {freeze, Dex+5} (You took it off a minotaur in a labyrinth)
 19533 | Lab      | Identified the Handbook of Lightness
 19533 | Lab      | Identified the Disquisition on Ice and Poison
 19667 | Lair:3   | Killed a four-headed hydra
 19685 | Lair:3   | Noticed an eight-headed hydra
 19704 | Lair:3   | Killed an eight-headed hydra
 20175 | Lair:3   | Reached XP level 13. HP: 112/122 MP: 20/20
 20791 | Lair:4   | Reached skill level 10 in Shields
 20858 | Lair:4   | Noticed an ice dragon
 21087 | Lair:4   | Killed an ice dragon
 22274 | Lair:5   | Reached skill level 13 in Unarmed Combat
 22872 | Lair:5   | Reached ***** piety under Qazlal
 23077 | Lair:5   | Found a staircase to the Snake Pit.
 23168 | Lair:5   | Found a staircase to the Swamp.
 23691 | Lair:6   | Reached XP level 14. HP: 104/132 MP: 21/21
 23865 | Lair:6   | Found a dark tunnel.
 23875 | Volcano  | Entered a volcano
 23885 | Volcano  | Noticed appiemonkey's ghost (novice TrCK)
 23901 | Volcano  | Killed appiemonkey's ghost
 24105 | Volcano  | Reached skill level 10 in Invocations
 24175 | Volcano  | Noticed a red draconian
 24215 | Volcano  | Killed a red draconian
 24230 | Volcano  | Found an oddly glowing altar of Pakellas.
 24330 | Lair:6   | Reached skill level 14 in Unarmed Combat
 25167 | Lair:7   | Found a staircase to the Slime Pits.
 25756 | Lair:8   | Entered Level 8 of the Lair of Beasts
 25827 | Lair:8   | Reached skill level 15 in Fighting
 25844 | Lair:8   | Noticed a dire elephant
 25864 | Lair:8   | Killed a dire elephant
 25864 | Lair:8   | Reached skill level 15 in Unarmed Combat
 25864 | Lair:8   | Reached XP level 15. HP: 119/141 MP: 23/23
 26823 | Lair:8   | Found a burning altar of Makhleb.
 26890 | Lair:8   | Found a gateway to Hell.
 27404 | Orc:1    | Entered Level 1 of the Orcish Mines
 27634 | Orc:1    | Found Dafompo's General Store.
 27637 | Orc:1    | Bought a scroll of teleportation for 45 gold pieces
 27750 | Orc:2    | Entered Level 2 of the Orcish Mines
 27963 | Orc:2    | Found a staircase to the Elven Halls.
 28035 | Orc:1    | Found a frozen archway.
 28069 | IceCv    | Entered an ice cave
 28112 | IceCv    | Noticed Krapule's ghost (journeyman MiFi)
 28137 | IceCv    | Killed Krapule's ghost
 28830 | Orc:2    | Reached skill level 16 in Unarmed Combat
 29338 | Orc:2    | Noticed an orc warlord
 29378 | Orc:2    | Killed an orc warlord
 29498 | Orc:2    | Found Ughowacs's Antique Armour Shop.
 29499 | Orc:2    | Found Deamewi's Antique Weapon Boutique.
 29500 | Orc:2    | Found Foboeb's General Store.
 29500 | Orc:2    | Found Tizuitu Nuth's Jewellery Shop.
 29504 | Orc:2    | Bought a potion of heal wounds for 80 gold pieces
 29514 | Orc:2    | Bought an ancient buckler for 294 gold pieces
 29514 | Orc:2    | Bought a steaming leather armour for 217 gold pieces
 29526 | Orc:2    | Identified the cursed +1 leather armour "Bomut" {-Cast rCorr MP+9 Str+6} (You bought it in a shop on level 2 of the Orcish Mines)
 29536 | Orc:2    | Identified the +3 buckler of Fortification {Str+3} (You bought it in a shop on level 2 of the Orcish Mines)
 30079 | Swamp:1  | Entered Level 1 of the Swamp
 30160 | Swamp:1  | Reached XP level 16. HP: 95/151 MP: 25/25
 30426 | Swamp:1  | Reached skill level 1 in Transmutations
 31694 | Swamp:2  | Noticed Jorgrun
 31697 | Swamp:2  | Killed Jorgrun
 31756 | Swamp:2  | Reached skill level 17 in Unarmed Combat
 32401 | Swamp:2  | Learned a level 3 spell: Regeneration
 33071 | Swamp:3  | Noticed a thorn hunter
 33093 | Swamp:2  | Killed a thorn hunter
 33141 | Swamp:3  | Noticed a thorn hunter
 33327 | Swamp:3  | Killed a thorn hunter
 34146 | Swamp:4  | Entered Level 4 of the Swamp
 34430 | Swamp:4  | Noticed a thorn hunter
 35073 | Swamp:4  | Noticed a thorn hunter
 35456 | Swamp:4  | Killed a thorn hunter
 35456 | Swamp:4  | Reached XP level 17. HP: 126/160 MP: 27/27
 36177 | Swamp:4  | Got a decaying rune of Zot
 36212 | Swamp:4  | Reached skill level 1 in Spellcasting
 36297 | Swamp:1  | Reached skill level 18 in Unarmed Combat
 36348 | Snake:1  | Entered Level 1 of the Snake Pit
 36714 | Snake:1  | Learned a level 5 spell: Silence
 37480 | Snake:2  | Noticed Louise
 37735 | Snake:2  | Killed Louise
 38080 | Snake:2  | You fall through a shaft!
 38097 | Snake:3  | HP: 8/161 [anaconda (4)]
 38097 | Snake:3  | Slain by a shock serpent

Skill      XL: |  1  2  3  4  5  6  7  8  9 10 11 12 13 14 15 16 17 |
---------------+----------------------------------------------------+-----
Fighting       | 4 5 6 7 8 9 10 11 13 14 15 16 17 | 17.2
Unarmed Combat | 5 6 7 9 10 11 12 13 15 16 17 18 | 18.5
Invocations    | 2 5 8 9 11 12 14 | 14.9
Armour         | 2 6 8 9 |  9.0
Dodging        | 3 5 |  5.6
Shields        | 5 9 12 13 14 | 14.0
Transmutations | 3 4 |  4.0
Spellcasting   | 2 |  2.4
Stealth        | |  1.5

Action                   |  1- 3 |  4- 6 |  7- 9 | 10-12 | 13-15 | 16-18 || total
-------------------------+-------+-------+-------+-------+-------+-------++-------
Melee: Unarmed           |   109 |   214 |   572 |   991 |  1993 |   925 ||  4804
       Punch             |     1 |     5 |    27 |    69 |    50 |       ||   152
       Staff             |       |       |       |     4 |       |    13 ||    17
Invok: Upheaval          |       |       |       |     7 |     7 |     6 ||    20
       Elemental Force   |       |       |       |     4 |    17 |     1 ||    22
       Disaster Area     |       |       |       |       |       |     3 ||     3
Evoke: Wand              |       |       |     3 |     7 |     1 |     4 ||    15
  Use: Potion            |     2 |     3 |     4 |     7 |     5 |     2 ||    23
       Scroll            |       |       |    17 |    13 |     9 |     6 ||    45
 Stab: Sleeping          |     1 |     2 |     1 |       |       |       ||     4
       Invisible         |       |       |     1 |       |       |       ||     1
       Distracted        |       |       |       |       |     1 |       ||     1
  Eat: Chunk             |       |     5 |    23 |    29 |    35 |    13 ||   105
       Fruit             |       |     1 |     3 |     2 |     1 |     7 ||    14
       Meat ration       |       |       |     1 |     1 |       |       ||     2
       Pizza             |       |       |       |     2 |       |       ||     2
       Royal jelly       |       |       |       |     1 |       |     3 ||     4
Armor: Robe              |    11 |       |       |       |       |       ||    11
       Ring mail         |    10 |    90 |   158 |   329 |   461 |       ||  1048
       Skin              |       |       |       |       |     5 |       ||     5
       Leather armour    |       |       |       |       |     6 |     6 ||    12
       Swamp dragon armo |       |       |       |       |       |   285 ||   285
Dodge: Dodged            |    67 |   107 |   280 |   581 |   712 |   368 ||  2115
       Deflected         |       |       |       |     1 |    10 |    21 ||    32
Block: Other             |       |       |     3 |   183 |    73 |       ||   259
       Shield            |       |       |       |       |  1213 |       ||  1213
       Buckler           |       |       |       |       |    32 |   741 ||   773
       Large shield      |       |       |       |       |       |    10 ||    10
